 Dungeon Crawl Stone Soup version 0.23-a0-455-ge12115f (webtiles) character file.

101 Firecrotchwizard the Slasher (level 4, 0/34 HPs)
             Began as a Demonspawn Gladiator on Nov 25, 2018.
             Slain by an orc wizard
             ... wielding a +2 dagger of speed
              (2 damage)
             ... on level 4 of the Dungeon.
             The game lasted 00:03:16 (2744 turns).

Firecrotchwizard the Slasher (Demonspawn Gladiator) Turns: 2744, Time: 00:03:17

Health: 0/34       AC:  6    Str: 15    XL:     4   Next: 48%
Magic:  4/4        EV: 12    Int:  9    God:
Gold:   128        SH:  0    Dex: 15    Spells: 3/3 levels left

rFire    . . .     SeeInvis .   a - +0 long sword
rCold    . . .     Gourm    .   (no shield)
rNeg     . . .     Faith    .   q - +0 ring mail
rPois    .         Spirit   .   (helmet restricted)
rElec    .         Reflect  .   (no cloak)
rCorr    .         Harm     .   b - +0 pair of gloves
MR       .....                  (no boots)
Stlth    +.........             (no amulet)
HPRegen  0.11/turn              (no ring)
MPRegen  0.09/turn              (no ring)

@: no status effects
A: hooves 1, horns 1
a: no special abilities


You were on level 4 of the Dungeon.
You were near starving.

You visited 1 branch of the dungeon, and saw 4 of its levels.

You collected 128 gold pieces.

Inventory:

Hand Weapons
 a - a +0 long sword (weapon)
Missiles
 d - 3 throwing nets {=f, !d}
Armour
 b - a +0 pair of gloves (worn)
   (You found it on level 4 of the Dungeon)
 c - a +0 helmet
 k - a +0 chain mail
   (You found it on level 1 of the Dungeon)
 l - a +2 pair of boots
   (You found it on level 2 of the Dungeon)
 q - a +0 ring mail (worn)
   (You found it on level 3 of the Dungeon)
Scrolls
 e - 4 scrolls of identify {unknown}
 h - 3 scrolls of teleportation {unknown}
 m - a scroll of random uselessness {unknown}
 n - a scroll of fog {unknown}
 p - a scroll of enchant weapon {unknown}
Potions
 g - a potion of degeneration {unknown}
 i - a potion of brilliance {unknown}
 j - a potion of resistance {unknown}
 o - 2 potions of lignification {unknown}
 r - 2 potions of agility {unknown}
Comestibles
 f - 7 rations


   Skills:
 + Level 2.9 Fighting
 * Level 3.9 Long Blades
 - Level 1.7 Throwing
 + Level 3.3 Dodging


You had 3 spell levels left.
You didn't know any spells.
Your spell library was empty.

Dungeon Overview and Level Annotations

Branches:
Dungeon (4/15)
 Temple: D:4-7

Altars:

Shops:
D:4 [


Innate Abilities, Weirdness & Mutations

You have large cloven feet.
You have a pair of small horns on your head.


Message History

The giant cockroach bites you.
You take 1 damage, and have 27/28 hp.
A giant cockroach is nearby!
You hit the giant cockroach.
You kill the giant cockroach!
No target in view!
You may need something to eat soon, looking for food.
Can't find anything matching that.
Sorry, you're not good enough to have a special ability.
You see here a dagger.
e - 3 scrolls labeled MYVEUL DIPPYLL (gained 1)
You now have 128 gold pieces (gained 8).
Found a stone staircase leading up.
Health restored: 28
Found a stone staircase leading down.
e - 4 scrolls labeled MYVEUL DIPPYLL (gained 1)
h - 3 scrolls labeled HYALEG NEH OQU (gained 1)
You are near starving!
There is a stone staircase leading up here.
You may need something to eat soon, looking for food.
Can't find anything matching that.
Sorry, you're not good enough to have a special ability.
g - a puce potion
r - 2 sedimented inky potions
There is a stone staircase leading down here.
As you open the door, it creaks loudly!
You hear an angry hiss.
You hear a shout! x3
There is an open door here. 2 orcs and an orc priest come into view.
The orc priest shouts!
The orc shouts!
A worm comes into view.
The orc priest moves out of view.
An orc comes into view.
The orc shouts!
You hear a shout!
Found Tejydo's Antique Armour Boutique.
The orc closely misses you.
You riposte.
You slash the orc!
You kill the orc!
You have reached level 4!
You feel stronger.
Your demonic ancestry asserts itself...
A pair of horns grows on your head!
Your +0 helmet falls away!
Health restored: 34; MP restored: 4 The orc hits you with a +0 hand axe.
You see here an orc corpse.
You take 2 damage, and have 32/34 hp.
You barely miss the orc. You kick the orc. The orc hits you with a +0 hand axe.
You take 3 damage, and have 29/34 hp.
You slash the orc!
You kill the orc!
The orc priest mumbles some strange prayers to Beogh against you.
Beogh smites you!
You take 11 damage, and have 18/34 hp.
MASSIVE DAMAGE!!
You are too injured to fight recklessly!
You are too injured to fight recklessly!
You barely miss the orc. You kick the orc. You headbutt the orc.
The orc hits you.
You take 3 damage, and have 15/34 hp.
You hit the orc but do no damage. You kick the orc.
Your headbutt misses the orc.
The orc priest begins to cast a cantrip, but forgets the words!
The orc hits you but does no damage.
You hit the orc.
You kill the orc!
An orc wizard comes into view. It is wielding a +2 dagger of speed.
You hit the orc priest. You kick the orc priest.
You headbutt the orc priest, but do no damage.
The orc priest closely misses you.
The orc wizard casts a spell.
The orc wizard flickers and vanishes!
Deactivating autopickup; reactivate with Ctrl-A.
The orc priest hits you with a cursed -3 club.
You take 3 damage, and have 12/34 hp.
You hit the orc priest. The orc priest closely misses you.
You riposte.
You hit the orc priest.
You kick the orc priest, but do no damage.
You closely miss the orc priest.
The orc priest calls down the wrath of Beogh upon you.
Pain shoots through your body!
* * * LOW HITPOINT WARNING * * *
The worm misses you.
You riposte.
You hit the worm.
You take 5 damage, and have 7/34 hp.
You slash the orc priest! You kick the orc priest. You headbutt the orc priest.
You kill the orc priest!
The worm bites you.
* * * LOW HITPOINT WARNING * * *
You take 2 damage, and have 5/34 hp.
You miss something. Your kick misses something. You headbutt something.
Something hits you.
* * * LOW HITPOINT WARNING * * *
You take 3 damage, and have 2/34 hp.
Sorry, you're not good enough to have a special ability.
You closely miss something. Something hits you but does no damage.
An iguana comes into view.
The worm barely misses you.
You riposte.
The iguana hisses angrily.
You hit the worm. You kick the worm, but do no damage. You headbutt the worm.
Something hits you but does no damage.
You hit something. Something hits you.
You die...

### ..# #.# #.# #)# #@#
######
#w###########...#.
#..#.#l##.......##...#.
.⌠w......'..........>...
∩...#.#.##.......###....
.⌠ ...#.##.......# #....
#.# #.########## #....
... ..# #.... ### ###
########....


You could see a worm and an iguana.

Vanquished Creatures
  An orc priest (D:4)
  An adder (D:2)
  A worm (D:2)
  2 leopard geckos
  4 orcs
  5 giant cockroaches
  8 goblins
  4 hobgoblins
  3 jackals (D:2)
  7 bats
  3 frilled lizards
  5 kobolds
  9 rats
53 creatures vanquished.

Notes
Turn   | Place    | Note
-------+----------+-------------------------------------------
     0 | D:1      | Firecrotchwizard the Demonspawn Gladiator began the quest
                  | for the Orb.
     0 | D:1      | Reached XP level 1. HP: 16/16 MP: 1/1
   277 | D:1      | Reached skill level 3 in Long Blades
   277 | D:1      | Gained mutation: You have large cloven feet. [demonic
                  | ancestry]
   277 | D:1      | Reached XP level 2. HP: 10/22 MP: 2/2
  1184 | D:2      | Reached skill level 3 in Dodging
  1189 | D:2      | Reached XP level 3. HP: 16/28 MP: 3/3
  2291 | D:3      | HP: 7/28 [poisoned by a kobold]
  2298 | D:3      | HP: 5/28 [poisoned by a kobold]
  2306 | D:3      | HP: 4/28 [poisoned by a kobold]
  2730 | D:4      | Found Tejydo's Antique Armour Boutique.
  2731 | D:4      | Gained mutation: You have a pair of small horns on your
                  | head. [demonic ancestry]
  2731 | D:4      | Reached XP level 4. HP: 34/34 MP: 4/4
  2740 | D:4      | HP: 7/34 [orc priest/nerve-wracking pain (5)]
  2742 | D:4      | HP: 2/34 [something (3)]
  2744 | D:4      | Slain by an orc wizard

Vault maps used:
D:1:      dpeg_arrival_erosion, patterned_corridor
D:2:      palyth_stone_intersect
D:3:      minmay_randomly_rotated_circles
D:4:      serial_shops, shop_fountains, first_ration

Skill      XL: |  1  2 |
---------------+-------+-----
Long Blades    | 3 |  3.9
Dodging        | 3 |  3.3
Fighting       | |  2.9
Throwing       | |  1.7

Action                   |  1- 3 |  4- 6 || total
-------------------------+-------+-------++-------
Melee: Long sword        |    85 |    12 ||    97
       Kick              |    23 |     7 ||    30
       Headbutt          |       |     5 ||     5
 Stab: Sleeping          |     1 |       ||     1
  Eat: Chunk             |     4 |       ||     4
Armor: Leather armour    |    35 |       ||    35
       Ring mail         |     2 |     3 ||     5
Dodge: Dodged            |    61 |     4 ||    65
       Rpst.: Long sword |    20 |     3 ||    23

Table legend:
 A = Non-vault XP
 B = Vault XP
 C = Vault XP percentage of total XP
 D = Non-vault monster count
 E = Vault monster count
 F = Vault count percentage of total count
                 A         B        C        D         E       F
            +---------+---------+-------+---------+---------+-------
      Total |     135 |      10 |   6.9 |      47 |       6 |  11.3
            +---------+---------+-------+---------+---------+-------
        D:1 |      31 |       0 |   0.0 |      20 |       0 |   0.0
        D:2 |      42 |       0 |   0.0 |      16 |       0 |   0.0
        D:3 |       9 |      10 |  52.6 |       5 |       6 |  54.5
        D:4 |      53 |       0 |   0.0 |       6 |       0 |   0.0
            +---------+---------+-------+---------+---------+-------

Vault maps used:
D:1:      dpeg_arrival_erosion, patterned_corridor
D:2:      palyth_stone_intersect
D:3:      minmay_randomly_rotated_circles
D:4:      serial_shops, shop_fountains, first_ration

Table legend:
 A = Turns spent in this place as a percentage of turns spent in the entire game.
 B = Non-inter-level travel turns spent in this place as a percentage of non-inter-level travel turns spent in the entire game.
 C = Inter-level travel turns spent in this place as a percentage of turns spent in this place.
 D = Turns resting spent in this place as a percentage of non-inter-level travel turns spent in this place.
 E = Turns spent auto-exploring this place as a percentage of non-inter-level travel turns spent in this place.
 F = Non-inter-level travel turns spent in this place divided by the number of levels of this place that you've seen.
                   A       B       C       D       E      F
               +-------+-------+-------+-------+-------+----------------------
         Total | 100.0 | 100.0 |   7.7 |  30.5 |  57.8 | 633.5
       Dungeon | 100.0 | 100.0 |   7.7 |  30.5 |  57.8 | 633.5
               +-------+-------+-------+-------+-------+----------------------

Table legend:
 A = Kills in this place as a percentage of kills in entire the game.
 B = Kills by you in this place as a percentage of kills by you in the entire game.
 C = Kills by friends in this place as a percentage of kills by friends in the entire game.
 D = Other kills in this place as a percentage of other kills in the entire game.
 E = Experience gained in this place as a percentage of experience gained in the entire game.
 F = Experience gained in this place divided by the number of levels of this place that you have seen.
                   A       B       C       D       E      F
               +-------+-------+-------+-------+-------+----------------------
         Total | 100.0 | 100.0 |   N/A |   N/A | 100.0 |  36.2
       Dungeon | 100.0 | 100.0 |   N/A |   N/A | 100.0 |  36.2
               +-------+-------+-------+-------+-------+----------------------
